 Dungeon Crawl Stone Soup version 0.30-a0-930-gb9d0489357 (webtiles) character file.

Game seed: 13216030435355496366

333 MachoJfn the Magician (level 6, -8/42 HPs)
             Began as a Djinni Ice Elementalist on Mar 22, 2023.
             Was an Initiate of Lugonu.
             Mangled by an ice beast (13 damage)
             ... on level 4 of the Dungeon on Mar 23, 2023.
             The game lasted 00:28:08 (4306 turns).

MachoJfn the Magician (Djinni Ice Elementalist)     Turns: 4306, Time: 00:28:09

Health: -8/42      AC:  3    Str:  7    XL:     6   Next: 82%
Gold:   139        EV: 12    Int: 18    God:    Lugonu [......] SH:  0 Dex: 14

rFire   + + .      SeeInvis .    j - staff of cold
rCold   . . .      Faith    .    (no shield)
rNeg    . . .      Spirit   .    a - +0 robe
rPois   ∞          Reflect  .    (no helmet)
rElec   .          Rampage  .    (no cloak)
rCorr   .                        b - +0 pair of gloves
Will    .....                    (boots unavailable)
Stlth   ++                       (no amulet)
HPRegen 0.27/turn                (no ring)
MPRegen 0.00/turn                (no ring)

@: flying, hasted, very quick
A: sickness immunity, fire resistance 2, cold vulnerability 1, float, innate
caster, HP casting, extra vitality 1
a: Renounce Religion


You were on level 4 of the Dungeon.
You worshipped Lugonu.
Lugonu was noncommittal.
You visited 2 branches of the dungeon, and saw 7 of its levels.

You collected 139 gold pieces.

Inventory:

Hand Weapons
 c - a +0 sling
 n - a +5 club
 r - a +1 dagger of distortion
 s - a +2 dagger of distortion
Missiles
 d - 19 stones (quivered)
 h - 5 javelins
 o - 6 poisoned darts
Armour
 a - a +0 robe (worn)
 b - a +0 pair of gloves (worn)
 q - the +4 plate armour of the Muttering Gods {rF+}
   (You found it on level 4 of the Dungeon)

   rF:        It protects you from fire.
Magical Staves
 j - a staff of cold (weapon)
Jewellery
 u - a +4 ring of protection
Wands
 i - a wand of charming (7)
 l - a wand of digging (9)
Scrolls
 e - 5 scrolls of teleportation
 f - a scroll of immolation {unknown}
 g - 2 scrolls of identify
 k - a scroll of vulnerability
 p - a scroll of fog
 t - a scroll of amnesia
 v - a scroll of noise
 w - a scroll of blinking {unknown}
 x - a scroll of brand weapon {unknown}
Potions
 m - a potion of haste


   Skills:
 + Level 1.6 Fighting
 + Level 0.5 Staves
 + Level 2.3 Ranged Weapons
 + Level 0.1 Throwing
 + Level 2.6 Dodging
 + Level 1.8 Stealth
 + Level 4.9 Spellcasting


You knew the following spells:

 Your Spells              Type           Power      Damage    Failure   Level
a - Freeze                Ice            100%       1d10      1%          1
b - Frozen Ramparts       Ice            66%        1d10      5%          3
c - Ozocubu's Armour      Ice            33%        N/A       5%          3
d - Summon Ice Beast      Ice/Summ       33%        N/A       19%         4
e - Sting                 Tmut/Pois      88%        1d7       1%          1
f - Lesser Beckoning      Tloc           44%        N/A       2%          2
Your spell library was empty.

Dungeon Overview and Level Annotations

Branches:
Dungeon (6/15)             Temple (1/1) D:4

Altars:
Ashenzari
Cheibriados
Elyvilon
Fedhas
Makhleb
Nemelex Xobeh
Okawaru
Ru
Uskayaw
Yredelemnul
The Shining One
Lugonu

Portals:
Abyss: D:3

Annotations:
D:4 2 transporters, DeathPants's ghost, novice VSBr


Innate Abilities, Weirdness & Mutations

You are immune to sickness and miasma.
You are immune to poison.
Your flesh is very heat resistant. (rF++)
You are vulnerable to cold. (rC-)
You float through the air rather than walking.
You learn spells naturally, not from books.
Your magical power is your life essence.
You have superior vitality. (+4 MHP)


Message History

Press: ? - help, Q - select action, (/) - cycle Shift-Dir - straight line, f/p - ice beast
Aim: an ice beast (severely wounded, very poisoned, chance to affect: 49%)
The ice beast is charmed.
Casting: Sting (safe; 1% risk of failure)
Confirm with . or Enter, or press ? or * to list all spells.
You can't see any susceptible monsters within range! (Use Z to cast anyway.)
Casting: Sting (safe; 1% risk of failure)
Confirm with . or Enter, or press ? or * to list all spells.
Aiming: Sting (safe; 1% risk of failure)
Press: ? - help, Shift-Dir - straight line, f/p - ice beast
Aim: an ice beast (severely wounded, charmed, very poisoned, friendly, 76% to hit)
Really fire at your ice beast? The sting hits your ice beast.
Your ice beast partially resists.
Your ice beast looks even sicker.
Your ice beast is severely wounded.
The ice beast is no longer charmed.
You hit the ice beast but do no damage.
The ice beast is severely wounded.
The ice beast hits you. The ice beast freezes you.
* * * LOW HITPOINT WARNING * * *
Casting: Sting (safe; 1% risk of failure)
Confirm with . or Enter, or press ? or * to list all spells.
Aiming: Sting (safe; 1% risk of failure)
Press: ? - help, Shift-Dir - straight line, f/p - ice beast
Aim: an ice beast (severely wounded, very poisoned, 76% to hit)
The sting misses the ice beast.
* * * LOW HITPOINT WARNING * * *
Casting: Sting (safe; 1% risk of failure)
Confirm with . or Enter, or press ? or * to list all spells.
Aiming: Freeze (safe; 1% risk of failure)
Press: ? - help, Shift-Dir - straight line, f/p - ice beast
Aim: an ice beast (severely wounded, very poisoned)
You feel a surge of power!
You freeze the ice beast but do no damage.
The ice beast completely resists.
* * * LOW HITPOINT WARNING * * *
The ice beast hits you.
* * * LOW HITPOINT WARNING * * *
The ice beast freezes you!
You die...

#...# #..#.#..#.......#######....
....#..##..#©.#..................
#...#©....O#......##..##.........
#...#..##.$#©.##..##..##...##....
....#.#..#.#..#...#...##...######
....# #..#.#..#...#.........#
#...# .##..#..#...##..#.....#
#...# ....#..#.Y.#####....##
....########..#.@..# #.####
#....# #####....# ### #....##
#....# #.....# #....# .....##
##..## .....## #### ......#
......# #....##


You could see an ice beast (very poisoned).

Vanquished Creatures
  A bullfrog (D:4)
  A jelly (D:4)
  A gnoll bouda (D:4)
  An iguana (D:4)
  Ijyb (D:3)
  A sleepcap (D:4)
  2 gnolls
  3 adders
  A worm (D:2)
  A dart slug (D:4)
  9 orcs
  6 bats
  6 endoplasms (D:1)
  5 giant cockroaches
  2 goblins
  3 hobgoblins (D:1)
  2 jackals (D:4)
  7 quokkas
  2 ball pythons
  3 frilled lizards
  12 kobolds
  4 rats
74 creatures vanquished.

Notes
Turn   | Place    | Note
-------+----------+-------------------------------------------
     0 | D:1      | MachoJfn the Djinni Ice Elementalist began the quest for
                  | the Orb.
     0 | D:1      | MachoJfn set off with the following spells memorised:
                  | Freeze, Frozen Ramparts, Ozocubu's Armour, Summon Ice
                  | Beast.
     0 | D:1      | Reached XP level 1. HP: 15/15 MP: 0/0
   150 | D:1      | Reached XP level 2. HP: 21/21 MP: 0/0
   647 | D:1      | Reached XP level 3. HP: 21/25 MP: 0/0
   647 | D:1      | Learned a level 1 spell: Sting
   655 | D:1      | Reached skill level 1 in Ranged Weapons
   977 | D:2      | Reached skill level 1 in Fighting
  1078 | D:2      | Upgraded the game from 0.30-a0-924-g0ad0bf95bc to
                  | 0.30-a0-930-gb9d0489357
  1282 | D:2      | Reached XP level 4. HP: 32/32 MP: 0/0
  1778 | D:3      | Noticed Ijyb
  1797 | D:3      | Killed Ijyb
  2233 | D:3      | Reached XP level 5. HP: 36/37 MP: 0/0
  2233 | D:3      | Learned a level 2 spell: Lesser Beckoning
  2349 | D:3      | Found a hide-covered altar of Uskayaw.
  2361 | D:3      | Found a sacrificial altar of Ru.
  2475 | D:3      | Found a one-way gate to the infinite horrors of the Abyss.
  2603 | D:3      | Found a large runed translucent door.
  2604 | D:3      | Found a large runed translucent door.
  2606 | D:3      | Found a corrupted altar of Lugonu.
  2721 | D:3      | Became a worshipper of Lugonu the Unformed
  3144 | D:4      | Noticed DeathPants's ghost (novice VSBr)
  3145 | D:4      | Identified the +6 giant club "Rezeng" {elec, Drain rN++}
  3145 | D:4      | Noticed an ogre
  3146 | D:4      | Found a transporter.
  3146 | D:4      | Found a transporter.
  3146 | D:4      | Noticed an ogre
  3148 | D:4      | Noticed an ogre
  3223 | D:4      | Found a staircase to the Ecumenical Temple.
  3233 | Temple   | Entered the Ecumenical Temple
  3410 | D:4      | Reached skill level 4 in Spellcasting
  3470 | D:4      | Noticed a bullfrog
  3477 | D:4      | Killed a bullfrog
  3478 | D:4      | Reached XP level 6. HP: 36/42 MP: 0/0
  3483 | D:4      | Identified the +4 plate armour of the Muttering Gods {rF+}
  3848 | D:5      | Entered Level 5 of the Dungeon
  3848 | D:5      | Found a blossoming altar of Fedhas.
  4201 | D:5      | Noticed an ice beast
  4274 | D:6      | Noticed an ice beast
  4306 | D:4      | Mangled by an ice beast

Illustrated notes

Levels and vault maps discovered:
D:1:      dpeg_arrival_lava_temple_mockup, layout_basic, minmay_tromino_v4_a
D:2:      layout_loops_ring, kennysheep_boxes
D:3:      due_chaos_kobolds, layout_loops_ring, grunt_temple_overflow_diamond,
          minmay_tree_intersection, uniq_ijyb
D:4:      layout_gridville, minmay_temple_entry_trees, gammafunk_ghost_smash,
          corexii_item_surrounded_by_moat
D:5:      layout_basic, gammafunk_temple_overflow_wave,
          mainiacjoe_overflow_small_starburst, portal_sewer_entry_a,
          minmay_circle_x, uniq_sigmund
D:6:      layout_cave_pools, riverfiend_overflow_shadow_ancestor, serial_shops,
          shop, dreamdust_princess_corridor, abandoned_shop, guppyfry_shop_venom
Temple:   hellmonk_temple_flake

Skill      XL: |  1  2  3  4  5 |
---------------+----------------+-----
Ranged Weapons | 1 2 |  2.3
Fighting       | 1 |  1.6
Spellcasting   | 4 |  4.9
Staves         | |  0.5
Throwing       | |  0.1
Dodging        | |  2.6
Stealth        | |  1.8

Action                     |  1- 3 |  4- 6 || total
---------------------------+-------+-------++-------
  Melee: Staff             |       |    21 ||    21
   Fire: Sling             |   124 |     3 ||   127
  Throw: Stone             |     2 |    11 ||    13
   Cast: Freeze            |     3 |    53 ||    56
         Frozen Ramparts   |     1 |     2 ||     3
         Sting             |       |    40 ||    40
         Lesser Beckoning  |       |     4 ||     4
  Evoke: Wand              |       |     3 ||     3
    Use: Scroll            |     4 |     7 ||    11
         Potion            |     2 |     4 ||     6
 Armour: Robe              |    14 |    14 ||    28
         Skin              |     6 |       ||     6
  Dodge: Dodged            |    45 |    44 ||    89

Table legend: (Time is in decaauts)
 A = Elapsed time spent in this place.
 B = Non-inter-level travel time spent in this place.
 C = Inter-level travel time spent in this place.
 D = Time resting spent in this place.
 E = Time spent auto-exploring this place.
 F = Levels seen in this place.
 G = Mean time per level.
                   A        B        C        D        E       F      G
               +--------+--------+--------+--------+--------+-----+--------+
         Total |   4353 |   3375 |    978 |    806 |   1819 |   7 |  621.9 |
       Dungeon |   4195 |   3234 |    961 |    806 |   1690 |   6 |  699.2 |
        Temple |    157 |    140 |     17 |      0 |    129 |   1 |  157.0 |
               +--------+--------+--------+--------+--------+-----+--------+

Top non-repeatable levels by time:
     D:3: 1227 daAuts
     D:4: 1077 daAuts
     D:1: 927 daAuts
     D:2: 841 daAuts
  Temple: 157 daAuts
     D:5: 120 daAuts
     D:6: 1 daAuts
